 Dungeon Crawl Stone Soup version 0.30.1-9-gdf580d7c3d (webtiles) character file.

Game seed: 14730212351670719301

128 lonewolfV2 the Shield-Bearer (level 5, -1/42 HPs)
             Began as a Formicid Fighter on Sept 29, 2023.
             Was an Initiate of Gozag.
             Slain by a gnoll
             ... wielding a +0 spear
              (7 damage)
             ... on level 4 of the Dungeon.
             The game lasted 00:03:57 (2832 turns).

lonewolfV2 the Shield-Bearer (Formicid Fighter)     Turns: 2832, Time: 00:03:58

Health: -1/42      AC:  7    Str: 22    XL:     5   Next: 34%
Magic:  5/5        EV:  9    Int:  8    God:    Gozag
Gold:   203        SH:  5    Dex: 13    Spells: 4/4 levels left

rFire   . . .        a - +1 war axe (venom)
rCold   . . .        c - +0 buckler
rNeg    . . .        b - +0 scale mail
rPois   .            (helmet unavailable)
rElec   .            (no cloak)
rCorr   .            (no gloves)
SInv    +            (no boots)
Will    .....        (no amulet) Stlth
                     (no ring)
HPRegen 0.27/turn    (no ring)
MPRegen 0.09/turn

%: no passive effects
@: mighty, gold aura
A: permanent stasis, dig shafts and tunnels, antennae 3, four strong arms
a: Dig, Shaft Self, Renounce Religion, Potion Petition, Call Merchant, Bribe
Branch


You were on level 4 of the Dungeon.
You worshipped Gozag.
Gozag was aware of your devotion.
You visited 1 branch of the dungeon, and saw 4 of its levels.

You collected 273 gold pieces.
You paid 70 gold pieces to Gozag.

Inventory:

Hand Weapons
 a - a +1 war axe of venom (weapon)
Armour
 b - a +0 scale mail (worn)
 c - a +0 buckler (worn)
 n - the +0 robe of the Meadowlark {rN+++ rCorr Int-4 Dex-5}
   (You found it on level 3 of the Dungeon)

   Int:       It affects your intelligence (-4).
   Dex:       It affects your dexterity (-5).
   rN:        It renders you almost immune to negative energy.
   rCorr:     It protects you from acid and corrosion.
Jewellery
 k - an amulet of the acrobat
Wands
 l - a wand of iceblast (11)
Scrolls
 f - 2 scrolls of identify
 m - a scroll of silence {unknown}
Potions
 d - a potion of might
 e - a potion of degeneration
 i - a potion of lignification
 j - a potion of cancellation


   Skills:
 + Level 3.7 Fighting
 + Level 3.3 Axes
 + Level 4.5 Armour
 + Level 0.4 Dodging
 + Level 0.7 Stealth
 + Level 4.5 Shields


You had 4 spell levels left.
You didn't know any spells.
Your spell library contained the following spells:

 Spells                   Type           Power      Damage    Failure   Level
 Cigotuvi's Dreadful Rot  Necr/Pois/Air  0%         N/A       90%         2
 Ignite Poison            Fire/Tmut/Pois 0%         N/A       99%         3
 Manifold Assault         Tloc           0%         N/A       100%        4
 Freezing Cloud           Conj/Ice/Air   0%         6-21      100%        5
 Storm Form               Tmut/Air       0%         N/A       100%        7
 Blink                    Tloc           Unusable   N/A       N/A         2

Dungeon Overview and Level Annotations

Branches:
Dungeon (4/15)
 Temple: D:4-7

Altars:
Cheibriados
Fedhas
Gozag
Nemelex Xobeh


Innate Abilities, Weirdness & Mutations

You cannot be hasted, slowed, berserked, paralysed or teleported.
You can dig through walls and to a lower floor.
You have a pair of large antennae on your head. (SInv)
Your four strong arms can wield two-handed weapons with a shield.


Message History

You completely miss the phantom.
The gnoll hits you from afar with a +0 spear.
You block the phantom's attack.
The gnoll hits you from afar with a +0 spear.
The phantom hits you but does no damage.
You closely miss the phantom.
The gnoll hits you from afar with a +0 spear.
The phantom hits you but does no damage.
You feel very mighty all of a sudden. The gnoll barely misses you.
The phantom hits you but does no damage.
You feel better.
The gnoll hits you from afar with a +0 spear.
The phantom hits you.
You completely miss the phantom. The gnoll barely misses you.
You block the phantom's attack.
You slash the phantom!
The phantom is heavily damaged.
The gnoll hits you but does no damage. The phantom hits you.
The phantom completely misses you. The gnoll barely misses you.
You closely miss the phantom.
The phantom is heavily damaged.
The gnoll closely misses you.
The phantom hits you but does no damage.
You miss the phantom.
The phantom is heavily damaged.
The gnoll closely misses you. The phantom hits you.
* * * LOW HITPOINT WARNING * * *
You hit the phantom.
The phantom is severely damaged.
The gnoll hits you from afar with a +0 spear.
* * * LOW HITPOINT WARNING * * *
You block the phantom's attack. You block the gnoll's attack.
The phantom hits you.
* * * LOW HITPOINT WARNING * * *
You slash the phantom!
You destroy the phantom!
The gnoll hits you from afar with a +0 spear!
You die...
Your body crumbles into a pile of gold.

$ #.# # #.# #
.. .[# ..
.###.###.# .#
.........##..
.?... .....
......##$###
......$.w$@#
##..####g###
$ ..{..
###.### ..#
.## .. #>


You could see a worm and a gnoll.

Vanquished Creatures
  A phantom (D:4)
  A hound (D:4)
  Robin (D:4)
  2 gnolls (D:4)
  An adder (D:3)
  A worm (D:2)
  6 bats
  2 endoplasms
  5 giant cockroaches
  5 hobgoblins
  4 jackals (D:3)
  A quokka (D:3)
  5 ball pythons
  3 frilled lizards
  15 goblins
  A kobold (D:3)
  2 rats (D:1)
56 creatures vanquished.

Notes
Turn   | Place    | Note
-------+----------+-------------------------------------------
     0 | D:1      | lonewolfV2 the Formicid Fighter began the quest for the
                  | Orb.
     0 | D:1      | Reached XP level 1. HP: 18/18 MP: 1/1
   246 | D:1      | Reached XP level 2. HP: 24/24 MP: 2/2
  1436 | D:2      | Reached XP level 3. HP: 29/29 MP: 3/3
  2065 | D:3      | Found a snail-covered altar of Cheibriados.
  2108 | D:3      | Found an opulent altar of Gozag.
  2136 | D:3      | Became a worshipper of Gozag Ym Sagoz the Greedy
  2322 | D:3      | Found a blossoming altar of Fedhas.
  2357 | D:3      | Found a sparkling altar of Nemelex Xobeh.
  2391 | D:3      | Identified the +0 robe of the Meadowlark {rN+++ rCorr Int-4
                  | Dex-5}
  2399 | D:3      | Reached XP level 4. HP: 35/36 MP: 4/4
  2554 | D:3      | Found a faded altar of an unknown god.
  2790 | D:4      | Noticed Robin
  2794 | D:4      | Reached XP level 5. HP: 28/42 MP: 5/5
  2805 | D:4      | Noticed a phantom
  2818 | D:4      | Killed Robin
  2832 | D:4      | Killed a phantom
  2832 | D:4      | Slain by a gnoll

Illustrated notes

Levels and vault maps discovered:
D:1:      dpeg_arrival_connections, layout_basic, minmay_crystal_water
D:2:      layout_loops_ring, serial_bayou_crossing
D:3:      layout_basic, old_standard_altar, mainiacjoe_overflow_24_doors,
          chei_slow_surprise, mainiacjoe_overflow_chevrons,
          hellmonk_ecumenical_altar_heavens_door
D:4:      layout_basic, uniq_robin, uniq_edmund, uniq_pikel, uniq_sigmund

Skill      XL: |  1  2  3  4 |
---------------+-------------+-----
Armour         | 4 |  4.5
Axes           | 3 |  3.3
Fighting       | |  3.7
Dodging        | |  0.4
Stealth        | |  0.7
Shields        | |  4.5

Action                     |  1- 3 |  4- 6 || total
---------------------------+-------+-------++-------
  Melee: War axe           |   103 |    37 ||   140
    Use: Scroll            |     8 |     3 ||    11
         Potion            |       |     4 ||     4
 Armour: Scale mail        |    65 |    38 ||   103
  Dodge: Dodged            |    54 |    44 ||    98
  Block: Buckler           |    26 |    32 ||    58
